 Dungeon Crawl Stone Soup version 0.27.1-35-g4d5d836560 (console) character file.

Game seed: 11240105996692755613

12797 grimtooth the Fighter (level 11, -3/82 HPs)
             Began as a Merfolk Gladiator on May 5, 2022.
             Was a Priest of Hepliaklqana.
             Slain by a lorocyproca (8 damage)
             ... on level 3 of the Abyss.
             The game lasted 01:17:58 (10889 turns).

grimtooth the Fighter (Merfolk Gladiator)          Turns: 10889, Time: 01:17:59

Health: -3/82      AC: 10    Str: 17 (18) XL:     11   Next: 99%
Magic:  0/15       EV: 16    Int:  5 (8)  God:    Hepliaklqana [***...]
Gold:   915        SH:  5    Dex: 13 (15) Spells: 10/10 levels left

rFire    + . .     SeeInvis +   a - +4 trident (flame)
rCold    . . .     Faith    .   S - +0 buckler
rNeg     . . .     Spirit   .   u - +0 steam dragon scales
rPois    .         Reflect  .   c - +1 helmet
rElec    .         Harm     .   B - +0 cloak
rCorr    .         Rampage  .   J - +1 pair of gloves {Stlth+}
Will     .....                  (no boots)
Stlth    +++++.....             q - amulet of regeneration
HPRegen  1.23/turn              L - ring of see invisible
MPRegen  0.14/turn              K - ring of protection from fire

@: mighty, about to teleport
A: reduced essence, (nimble swimmer 2), mertail, [deterioration 2]
a: Renounce Religion, Recall Ancestor, Ancestor Identity, Transference


You were on level 3 of the Abyss.
You worshipped Hepliaklqana.
Hepliaklqana was most pleased with you.
You visited 2 branches of the dungeon, and saw 13 of its levels.
You visited the Abyss 1 time.
You also visited: Sewer.

You collected 1064 gold pieces.
You spent 149 gold pieces at shops.

Inventory:

Hand Weapons
 a - a +4 trident of flaming (weapon)
 t - a +2 whip of venom
Missiles
 d - 6 throwing nets {=f}
 e - 24 stones (quivered)
 n - 110 sling bullets
 C - 9 poisoned darts
Armour
 c - a +1 helmet (worn)
 s - +0 shadow dragon scales
 u - +0 steam dragon scales (worn)
 y - a +2 robe of cold resistance
 B - a +0 cloak (worn)
 E - the +6 scale mail "Mut Cale" {rElec rC+}
   (You found it on level 7 of the Dungeon)

   rC:        It protects you from cold.
   rElec:     It insulates you from electricity.
 J - a +1 pair of gloves of stealth (worn)
 N - a +0 troll leather armour
 S - a +0 buckler (worn)
Jewellery
 g - a ring of protection from cold
 q - an amulet of regeneration (around neck)
 x - an amulet of reflection
 K - a ring of protection from fire (right hand)
 L - a ring of see invisible (left hand)
Wands
 P - a wand of paralysis (2)
 Q - a wand of flame (14)
 R - a wand of polymorph (3)
Scrolls
 b - a scroll of silence {unknown}
 h - 2 scrolls of magic mapping
 i - 3 scrolls of enchant armour
 k - a scroll of fear {unknown}
 l - a scroll of teleportation
 o - 2 scrolls of summoning
 p - a scroll of torment {unknown}
 z - a scroll of vulnerability {unknown}
 F - 2 scrolls of noise {unknown}
 H - 3 scrolls of immolation
 M - a scroll of amnesia {unknown}
 T - a scroll of enchant weapon {unknown}
Potions
 f - a potion of attraction
 r - 2 potions of resistance
 w - 2 potions of flight
 A - a potion of cancellation {unknown}
 D - a potion of mutation
 G - 2 potions of brilliance
 I - a potion of might
 O - a potion of lignification {unknown}


   Skills:
 + Level 10.8 Fighting
 - Level 9.0 Polearms
 - Level 9.0 Throwing
 - Level 9.0 Dodging
 - Level 9.0 Stealth
 + Level 5.6 Shields
 - Level 6.0 Invocations


You had 10 spell levels left.
You didn't know any spells.
Your spell library contained the following spells:

 Spells                   Type           Power      Damage    Failure   Level
 Magic Dart               Conj           0%         1d3       47%         1
 Sting                    Tmut/Pois      0%         1d3       47%         1
 Summon Small Mammal      Summ           0%         N/A       47%         1
 Poisonous Vapours        Pois/Air       0%         N/A       63%         2
 Searing Ray              Conj           0%         3d3       63%         2
 Call Canine Familiar     Summ           0%         N/A       85%         3
 Portal Projectile        Hex/Tloc       0%         N/A       85%         3
 Stone Arrow              Conj/Erth      0%         3d7       85%         3
 Summon Guardian Golem    Hex/Summ       0%         N/A       85%         3
 Airstrike                Air            0%         N/A       99%         4
 Fulminant Prism          Conj/Hex       0%         3d6       99%         4
 Leda's Liquefaction      Hex/Erth       0%         N/A       99%         4
 Olgreb's Toxic Radiance  Pois           0%         N/A       99%         4
 Summon Lightning Spire   Summ/Air       0%         N/A       99%         4
 Bolt of Magma            Conj/Fire/Erth 0%         4d4       100%        5
 Lightning Bolt           Conj/Air       0%         1d11      100%        5
 Malign Gateway           Summ/Tloc      0%         N/A       100%        7
 Summon Horrible Things   Summ           0%         N/A       100%        8
 Shatter                  Erth           0%         3d5*      100%        9


Dungeon Overview and Level Annotations

Branches:
Dungeon (11/15)            Temple (1/1) D:6             Orc (0/2) D:10
  Sewer (visited)
   Lair: D:8-11

Altars:
Ashenzari
Cheibriados
Dithmenos
Elyvilon
Fedhas
Gozag
Hepliaklqana
Kikubaaqudgha
Makhleb
Nemelex Xobeh
Okawaru
Qazlal
Ru
Sif Muna
Trog
Uskayaw
Vehumet
Wu Jian
Xom
Yredelemnul
Zin
The Shining One

Shops:
D:3 [   D:9 (

Annotations:
D:5 2 transporters, cbfl8's ghost, weakling MiDe


Innate Abilities, Weirdness & Mutations

Your life essence is reduced to manifest your ancestor. (-10% HP)
((You are quick and stealthy near water. (Stealth+, EV+, Speed+++)))
Your lower body shifts to a powerful aquatic tail in water.
[Your body often deteriorates upon taking damage.]


Message History

Here: Ankherfenedjef the battlemage, wielding a +0 quarterstaff (severely damaged, friendly)
The floor.
As you read the scroll of teleportation, it crumbles to dust.
You feel strangely unstable.
You feel the power of the Abyss delaying your translocation!
Ankherfenedjef hits the lorocyproca with a +0 quarterstaff.
The lorocyproca hits Ankherfenedjef!!
Ankherfenedjef is destroyed!
The lorocyproca gives a chilling moan.
Aiming: Throw Flame
Press: ? - help, Shift-Dir - straight line, f/p - lorocyproca
Aim: a lorocyproca (severely wounded, slightly transparent, 60% to hit)
The puff of flame misses the lorocyproca.
Enter note: - aw crap
As you read the scroll labelled TOUDUY DIUTOG, it crumbles to dust.
You feel momentarily disoriented.
It was a scroll of magic mapping.
Reach: a) +4 trident (flame)
Press: ? - help, Dir - move target, f/p - lorocyproca
Aim: a lorocyproca (severely wounded, slightly transparent, about 35% to evade your +4 trident of flaming)
You reach to attack!
You barely miss the lorocyproca.
The lorocyproca is severely wounded.
You puncture the lorocyproca! You burn the lorocyproca.
The lorocyproca is severely wounded.
You feel very mighty all of a sudden. The lorocyproca hits you.
* * * LOW HITPOINT WARNING * * *
You feel your power leaking away.
You barely miss the lorocyproca.
The lorocyproca is severely wounded.
The lorocyproca hits you!!
* * * LOW HITPOINT WARNING * * *
Your body deteriorates!
You feel clumsy.
You feel your power leaking away.
Enter note: - what are the chances of a blink?
Okay, then.
Enter note: - low A lorocyproca is nearby!
You impale the lorocyproca!!
The lorocyproca is almost dead.
The lorocyproca hits you!
You die...

2. . .# ..#.# .# .
## #. ..# ## ## .#.
###.. . # .###. # #
..#...# ##. . #..##
#...## .## ### ##
##..... ..# .. #
#.. #..###.#...#
.## #..#.....#....
. .
#..#.2...#.........
#..#.@...# #..###.
#..#######.. . .#.
..... ...... ... .
# . ... .. . .#..
.....#. .... . . .
. ...... ..... ## .
. ....... # ....
... . # ... . . ...
( . ... . ...#


You could see a lorocyproca (invisible).

Vanquished Creatures
  A very ugly thing (Abyss:3)
  A boulder beetle (D:11)
  Erica (D:8)
  A smoke demon (Abyss:3)
  An efreet (Abyss:3)
  Psyche (D:7)
  2 meliai (Abyss:3)
  A troll (D:10)
  A wyvern (D:8)
  A starcursed mass (Abyss:3)
  6 yaks (D:7)
  6 humans (D:7)
  3 steam dragons
  A small abomination (Abyss:3)
  A large abomination (Abyss:3)
  An ice beast (D:7)
  An orc warrior (D:10)
  A black bear (D:7)
  3 sky beasts (D:7)
  A wolf (D:11)
  2 necrophages
  2 ogres
  2 centaurs
  A phantom (D:6)
  2 kobold brigands
  3 scorpions
  A wyvern zombie (D:5)
  A bullfrog (D:9)
  12 wights
  2 howler monkeys (D:10)
  A centaur zombie (D:7)
  A bullfrog zombie (D:5)
  A jelly (D:6)
  6 hounds
  4 orc priests
  An iguana (D:6)
  7 orc wizards
  A hound skeleton (D:4)
  A howler monkey zombie (D:8)
  3 gnolls (D:8)
  9 adders
  A howler monkey skeleton (D:7)
  2 river rats (Sewer)
  2 shadow imps (D:8)
  3 white imps
  An ufetubus (D:4)
  5 worms
  3 dart slugs
  16 orcs
  2 ball pythons
  6 endoplasms
  A giant cockroach (D:4)
  4 goblins
  4 hobgoblins
  3 jackals
  5 quokkas
  7 bats
  3 frilled lizards
  A jackal skeleton (D:2)
  12 kobolds
  10 rats
189 creatures vanquished.

Vanquished Creatures (collateral kills)
  A very ugly thing (Abyss:3)
  A two-headed ogre (D:9)
  An unseen horror (D:11)
  2 trolls
  A meliai (Abyss:3)
  A slime creature (D:14)
  Sigmund (D:2)
  A starcursed mass (Abyss:3)
  3 vampires
  A hog (shapeshifter) (Abyss:3)
  An orc warrior (D:10)
  A wolf (D:11)
  2 centaurs
  A gnoll sergeant (D:8)
  A howler monkey (D:10)
  A centaur zombie (D:10)
  An orc priest (D:10)
  A gnoll (D:8)
  5 orcs
  A ball python (D:2)
  A bat (D:2)
  A frilled lizard (D:2)
  A kobold (D:2)
31 creatures vanquished.

Vanquished Creatures (others)
  4 battlemagi (Abyss:3)
  4 starspawn tentacles (Abyss:3)
8 creatures vanquished.

Grand Total: 228 creatures vanquished

Notes
Turn   | Place    | Note
-------+----------+-------------------------------------------
     0 | D:1      | grimtooth the Merfolk Gladiator began the quest for the
                  | Orb.
     0 | D:1      | Reached XP level 1. HP: 16/16 MP: 1/1
   498 | D:1      | Reached XP level 2. HP: 23/23 MP: 2/2
   826 | D:2      | Reached skill level 3 in Fighting
   826 | D:2      | Reached skill level 5 in Polearms
   902 | D:2      | Reached XP level 3. HP: 23/29 MP: 3/3
  1055 | D:2      | Found a hide-covered altar of Uskayaw.
  1064 | D:2      | Noticed Sigmund
  1401 | D:3      | Found Huxun's Armour Boutique.
  1696 | D:3      | Reached XP level 4. HP: 30/37 MP: 4/4
  2125 | D:4      | Noticed a scorpion
  2261 | D:4      | Reached skill level 4 in Fighting
  2288 | D:4      | Noticed an ogre
  2310 | D:4      | Killed an ogre
  2311 | D:4      | Reached XP level 5. HP: 37/43 MP: 5/5
  2347 | D:4      | Noticed a necrophage
  2358 | D:4      | Killed a necrophage
  2359 | D:4      | Reached skill level 5 in Fighting
  2359 | D:4      | Reached XP level 6. HP: 15/51 MP: 6/6
  2428 | D:4      | Found a sacrificial altar of Ru.
  2482 | D:4      | - how is this still very distant
  2721 | D:4      | - unbelievable
  2841 | D:4      | Found a glowing drain.
  2851 | Sewer    | Entered a sewer
  2852 | Sewer    | - man!
  3043 | Sewer    | Reached XP level 7. HP: 40/57 MP: 7/7
  3089 | Sewer    | Found a white marble altar of Elyvilon.
  3134 | D:4      | Reached skill level 6 in Fighting
  3242 | D:4      | Reached skill level 1 in Stealth
  3458 | D:5      | Entered Level 5 of the Dungeon
  3562 | D:5      | Reached skill level 5 in Dodging
  4261 | D:5      | Reached XP level 8. HP: 61/64 MP: 8/8
  4277 | D:5      | Noticed cbfl8's ghost (weakling MiDe)
  4278 | D:5      | Found a transporter.
  4282 | D:5      | Found a transporter.
  4884 | D:6      | Found a staircase to the Ecumenical Temple.
  4935 | Temple   | Entered the Ecumenical Temple
  4993 | Temple   | Became a worshipper of Hepliaklqana the Forgotten
  5171 | D:6      | Reached skill level 5 in Stealth
  5699 | D:6      | You fall into a shaft and drop 2 floors!
  5699 | D:8      | Noticed a troll
  5901 | D:7      | Reached XP level 9. HP: 69/69 MP: 9/9
  5932 | D:7      | Noticed Psyche
  5933 | D:7      | - this could be unpleasant
  5943 | D:7      | Killed Psyche
  5944 | D:7      | Reached skill level 7 in Fighting
  6024 | D:7      | Reached skill level 8 in Fighting
  6024 | D:7      | Reached skill level 5 in Throwing
  6099 | D:7      | Reached skill level 9 in Fighting
  6099 | D:7      | Reached XP level 10. HP: 54/83 MP: 10/10
  6490 | D:7      | - how is ?ea IDed
  6590 | D:7      | Identified the +6 scale mail "Mut Cale" {rElec rC+}
  7083 | D:7      | Reached * piety under Hepliaklqana
  7484 | D:3      | Bought a +0 pair of gloves of stealth for 149 gold pieces
  7510 | D:2      | Found a faded altar of an unknown god.
  7679 | D:2      | Killed Sigmund
  8117 | D:8      | Reached skill level 1 in Invocations
  8578 | D:8      | Noticed Erica
  8598 | D:8      | Killed Erica
  8827 | D:9      | Reached ** piety under Hepliaklqana
  8828 | D:9      | Remembered your ancestor Ankherfenedjef as a battlemage
  8844 | D:9      | Identified the +1 ring mail of Womokk {rElec rC++ Str-4
                  | SInv}
  8890 | D:9      | Noticed a two-headed ogre
  8896 | D:9      | Killed a two-headed ogre
  8897 | D:9      | Reached XP level 11. HP: 56/80 MP: 12/14
  8976 | D:9      | Found Hell's Antique Weapon Emporium.
  9424 | D:10     | Entered Level 10 of the Dungeon
  9451 | D:10     | Reached skill level 5 in Invocations
  9459 | D:10     | Found a staircase to the Orcish Mines.
 10225 | D:11     | Noticed a boulder beetle
 10234 | D:11     | Killed a boulder beetle
 10235 | D:11     | Reached skill level 1 in Shields
 10373 | D:11     | Reached *** piety under Hepliaklqana
 10467 | D:11     | You fall into a shaft and drop 3 floors!
 10467 | D:14     | Noticed a wizard
 10468 | D:14     | - criminy
 10486 | D:14     | Cast into level 3 of the Abyss (a wizard)
 10487 | Abyss:3  | - I knew it
 10487 | Abyss:3  | - straght to 3 too
 10505 | Abyss:3  | Noticed a wretched star
 10508 | Abyss:3  | - this looks like a vault
 10511 | Abyss:3  | Noticed a wretched star
 10513 | Abyss:3  | - a vault full of stars
 10521 | Abyss:3  | Noticed a green very ugly thing
 10522 | Abyss:3  | Noticed a green very ugly thing
 10523 | Abyss:3  | Noticed a starcursed mass
 10556 | Abyss:3  | Noticed a wretched star
 10570 | Abyss:3  | - not good at all
 10571 | Abyss:3  | Killed a starcursed mass
 10576 | Abyss:3  | Killed a green very ugly thing
 10577 | Abyss:3  | Reached skill level 10 in Fighting
 10578 | Abyss:3  | Noticed a green very ugly thing
 10580 | Abyss:3  | Killed a green very ugly thing
 10581 | Abyss:3  | - thanks a lot pal
 10582 | Abyss:3  | Killed a starcursed mass
 10583 | Abyss:3  | - this looks bad
 10584 | Abyss:3  | Noticed a bone dragon
 10684 | Abyss:3  | Reached skill level 5 in Shields
 10720 | Abyss:3  | Noticed a tentacled starspawn
 10825 | Abyss:3  | Noticed a Hell Sentinel
 10846 | Abyss:3  | Noticed a wretched star
 10865 | Abyss:3  | Noticed a lorocyproca
 10884 | Abyss:3  | - aw crap
 10888 | Abyss:3  | HP: 4/82 [lorocyproca (24)]
 10889 | Abyss:3  | - what are the chances of a blink?
 10889 | Abyss:3  | - low
 10889 | Abyss:3  | Slain by a lorocyproca

Illustrated notes .......+........ .. + .......#.......##.# ### .......########... ... ####...########.#.# .### #............#.# .... ####.........#.# ..## #.........#.# # #.........#.# ..# ####'####.#.##...# #.####.#....... #......@(.# #.............. #..#####..#...# ....# ....... .##.# ..##. # ..# # ..# ### Turn 2482 on D:4: - how is this still very distant #.................. ###...............#.. #.................#.. #.................+.. #.................#.. #.................### #........######...### #........# #...... #........# ####... #........# #... #...@....# #... #.$......# #### ########## # # # ### #.. #.# #.. ### Turn 2721 on D:4: - unbelievable ############### ≈..rrr.@.∩...r# ############### Turn 2852 on Sewer: - man! #.# #.# ###.### #.....# #.....### #.......## ####.##..## #..###.# ##.# #.## .# ##†#### .. #@#..# # ##@##...... ## ### .p≈.. .# .§p. .....# .pp .(#... p. ≈≈≈... . ≈≈≈§.. ..§≈≈# .$.≈≈. ##Y≈≈. Turn 5933 on D:7: - this could be unpleasant

..............# #.....
#####...#.(#... #.....
#....≈≈≈≈... #####....
#...#§≈≈≈§§..?
##.##.##'#
#...§≈≈..≈≈≈#.
#.#....###.#
..#≈§≈..$.≈≈.. #.##.###
#.# #...≈≈.D##.≈≈..
#.#### ### #!#≈≈.. #.#
##### #(.≈≈.. #.# ##.#.#
D(§§≈#.## #.# ##...#.
.≈≈§...@#####.####.#####
≈≈≈#.((...†...#...##
≈≈....#######).####
.#...# #.##### ....#
#.†...# #### #####.# ..
.# #


Turn 6490 on D:7: - how is ?ea IDed ########### #.........# #..........
#.J........ #..@....... +...#......... #. #......... #.JJ...... #.........
+p........ #......... ..#...#+#. Turn 10468 on D:14: - criminy .#########
.......@.# ........?...... ............... ............... ...............
#.............. ..............# ..............# Turn 10487 on Abyss:3: - I knew
it #. .. ## ##..#..≈≈≈ #.### ...... #≈. # #### #..#.#..# #.# .
...####.....####.## # ... ..........#....#≈#.. ... ...........#[#.... . .
.......#......... ........ .....#...#... ..... . ....###†## # . .........
#.#R@.# ... .......##...#...# ...........###†###†## # #.. ..# ##.. #... #*# #†##
#. .. #. y. ## Turn 10508 on Abyss:3: - this looks like a vault . .#. .. # #. ..
## .##..#..≈ ≈ #.####...... #≈. ## #..#.#..# #.# # . ..####.....####.####.#..
..........#....#≈#...... ...........#[#.....∩... .......#.....R@....... ....
.....#...#...#...#. . . ....###†###.## ## ....... #.#...#...#
.......##...#...#... .... ..###†###†###†## # #. ..# .. #...#...#.. #*# #†###*#
#. .. #. y. Turn 10513 on Abyss:3: - a vault full of stars # ≈≈ #.. ..#####
...## # ## # .# .# # . ## .. ...# . #. ## .. ∩ ..X..###5##.# . § .....XX.R# #.§X
. . ...#R.## # ###†###u# #.@# .. #. . ...#u### . .#...#.X. # # ##.###u## . .. ..
..# . . ...#...# #* #*# . .# Turn 10570 on Abyss:3: - not good at all # ≈ #..
..## ## ...## # ## # .# .# # . ## .. ...# . #. ## .. ∩ ..X..###X##.# . § ..
...*§§# #.§X . . ...#§R## # ###†# u# #u@# .. . . ...#X### . .#...#.*. # # #.
##.# . .. .. ..# . . ...#...# #* #*# . .# Turn 10581 on Abyss:3: - thanks a lot
pal # ≈ #.. ..## ## .... ...## # # ... . # .# .# # . ## ... .. .. ...# . #. ##..
... .. ∩ ..X..###X##.#. .... . § .. ...§§§#.#..... #.§X . . ...#*R#§...... #
###†# u# #u@# .. . . ...#°### . .#...#X*. # # #. ##.# . .. .. ..# . . ...#...#
#* #*# .# Turn 10583 on Abyss:3: - this looks bad 2. . .# ..#.# .# . ## #.
..#### ## .#. ###.. . # .###. # #...#...# ##. .. #..##.#...## .## ### ## ##.....
..# .. # #.. #.2###.#...# .## #..#.....#.... . . . #..#.....#.........
#..#.@...# #..###. #..#######.. . .#. ..... ....... ... . # . ... .. . .#..
.....#. . ...... . . .#...... ..... .## . ......... # .... ... . # ... . . ... (
. ..... ...# Turn 10884 on Abyss:3: - aw crap 2. . .# ..#.# .# . ## #. ..# ## ##
.#. ###.. . # .###. # # ..#...# ##. . #..## #...## .## ### ## ##..... ..# .. #
#.. #..###.#...# .## #..#.....#.... . . #..#.2...#......... #..#.@...# #..###.
#..#######.. . .#. ..... ...... ... . # . ... .. . .#.. .....#. .... . . . .
...... ..... ## . . ....... # .... ... . # ... . . ... ( . ... . ...# Turn 10889
on Abyss:3: - what are the chances of a blink?

Levels and vault maps discovered:
D:1:      dpeg_arrival_shelter, layout_basic
D:2:      layout_basic, dreamdust_ecumenical_altar_statues, basic_altar,
          minmay_tripent, uniq_sigmund
D:3:      layout_rooms, serial_shops, shop, st_stairs_13, chequers_arboretum,
          minmay_misc_feat_chi, supply_closet_lemuel
D:4:      layout_basic, nicolae_ru_great_annihilating_truth,
          cheibrodos_sewer_entry_bend
D:5:      layout_loops_corners, gammafunk_ghost_smash,
          kennysheep_generic_room_12
D:6:      layout_gridville, temple_statues
D:7:      erik_cavepeople, layout_basic, hangedman_misty_isle
D:8:      layout_loops_ring, uniq_erica
D:9:      layout_loops_ring, serial_shops, nicolae_square_shop
D:10:     minmay_goldmine, layout_basic, orc_0_dummy,
          chequers_serial_rivers_small_3
D:11:     layout_long_grid, erik_lair_island, lemuel_nasty_fountain
D:14:     layout_basic, special_room [special_room_orc], serial_shops,
          nicolae_shop_behind_doors, nicolae_kikubaaqudgha_miasma_corner,
          minmay_checkerbox
Temple:   dpeg_three_leaves_temple
Abyss:3:  base: D:13, evilmike_abyss_exit_11, evilmike_abyss_exit_kraken,
          grunt_abyss_rune_wretched_hive, grunt_abyss_rune_wretched_hive,
          hangedman_decor_peaks_small, gammafunk_corrupted_shrine,
          gammafunk_corrupted_shrine, due_evilmike_abyss_rune_seething_liches,
          nicolae_abyss_rune_left_handed

Skill      XL: |  1  2  3  4  5  6  7  8  9 10 11 |
---------------+----------------------------------+-----
Fighting       | 3 4 5 6 9 10 | 10.8
Polearms       | 5 7 8 9 |  9.0
Stealth        | 3 6 8 9 |  9.0
Dodging        | 5 9 |  9.0
Throwing       | 6 9 |  9.0
Invocations    | 4 6 |  6.0
Shields        | 5 |  5.6

Action                   |  1- 3 |  4- 6 |  7- 9 | 10-12 || total
-------------------------+-------+-------+-------+-------++-------
Melee: Trident           |    82 |   140 |   443 |   364 ||  1029
       Tailslap          |       |     1 |     3 |     7 ||    11
       Whip              |       |       |     3 |       ||     3
Throw: Stone             |    88 |    46 |    25 |    34 ||   193
       Throwing net      |       |     1 |       |       ||     1
       Dart              |       |       |     6 |    27 ||    33
Invok: Recall Ancestor   |       |       |       |     4 ||     4
       Ancestor Life: Ba |       |       |       |     1 ||     1
Evoke: Wand              |       |       |       |     4 ||     4
  Use: Scroll            |     1 |       |       |    12 ||    13
       Potion            |       |       |     1 |     8 ||     9
 Stab: Sleeping          |     1 |     1 |     1 |    16 ||    19
       Invisible         |       |       |     1 |       ||     1
       Paralysed         |       |       |     1 |       ||     1
       Distracted        |       |       |       |     6 ||     6
Armor: Leather armour    |    11 |       |       |       ||    11
       Skin              |     7 |    13 |     1 |       ||    21
       Robe              |       |       |    46 |    10 ||    56
       Steam dragon scal |       |       |       |    62 ||    62
Dodge: Dodged            |    42 |    72 |   198 |   231 ||   543
Block: Buckler           |       |       |       |     1 ||     1
